 Dungeon Crawl Stone Soup version 0.26.1-2-gb8aa6d0cf2 (webtiles) character file.

Game seed: 8749994720347848933

44 DearestLeader the Chiller (level 3, -3/24 HPs)
             Began as a Merfolk Ice Elementalist on Mar 5, 2021.
             Slain by a centaur zombie (4 damage)
             ... on level 3 of the Dungeon.
             The game lasted 00:04:40 (1978 turns).

DearestLeader the Chiller (MfIE)                    Turns: 1978, Time: 00:04:41

Health: -3/24      AC:  2    Str:  8    XL:     3   Next: 62%
Magic:  6/6        EV: 13    Int: 15    God:
Gold:   22         SH:  0    Dex: 14    Spells: 6/7 levels left

rFire    . . .     SeeInvis .   b - +0 dagger
rCold    . . .     Faith    .   (no shield)
rNeg     . . .     Spirit   .   a - +0 robe
rPois    .         Reflect  .   (no helmet)
rElec    .         Harm     .   (no cloak)
rCorr    .         Rampage  .   (no gloves)
Will     .....                  (no boots)
Stlth    ++........             (no amulet)
HPRegen  0.08/turn              (no ring)
MPRegen  0.10/turn              (no ring)

@: no status effects
A: change form in water, swift swim, stealthy swim
a: no special abilities


You were on level 3 of the Dungeon.
You visited 1 branch of the dungeon, and saw 3 of its levels.

You collected 22 gold pieces.

Inventory:

Hand Weapons
 b - a +0 dagger (weapon)
Armour
 a - a +0 robe (worn)
Scrolls
 c - a scroll of fear
 d - 2 scrolls of remove curse
Potions
 g - a potion of degeneration {unknown}
 h - a potion of heal wounds {unknown}
 j - a potion of invisibility {unknown}


   Skills:
 + Level 0.3 Short Blades
 + Level 2.9 Dodging
 + Level 2.7 Stealth
 + Level 2.5 Spellcasting
 + Level 5.0 Ice Magic


You had 6 spell levels left.
You knew the following spells:

 Your Spells              Type           Power        Failure   Level
a - Freeze                Ice            68%          2%          1

Your spell library contained the following spells:

 Spells                   Type           Power        Failure   Level
 Frozen Ramparts          Ice            34%          8%          3
 Ozocubu's Armour         Ice            17%          8%          3
 Hailstorm                Conj/Ice       9%           58%         4
 Summon Ice Beast         Ice/Summ       9%           58%         4


Dungeon Overview and Level Annotations

Branches:
Dungeon (3/15)

Altars:

Annotations:
D:2 Natasha


Message History

a +0 club; a hobgoblin corpse The centaur zombie hits you.
You see here a giant cockroach corpse.
You hit the centaur zombie.
The centaur zombie is lightly damaged.
The centaur zombie hits you but does no damage.
You hit the centaur zombie but do no damage.
The centaur zombie is lightly damaged.
The centaur zombie misses you. The centaur zombie hits you.
* * * LOW HITPOINT WARNING * * *
You hit the centaur zombie but do no damage.
The centaur zombie is lightly damaged.
The centaur zombie hits you.
* * * LOW HITPOINT WARNING * * *
Unknown command.
As you read the scroll labelled LUOTIR UCUI, it crumbles to dust.
The scroll dissolves into smoke.
It was a scroll of fog.
The centaur zombie hits you but does no damage.
The centaur zombie hits you.
You die...

....... ##.....# ...8..#
.....# ....# ... #?#
########.# #.§§Z@§§.##
#)##§§§§..# ###.##§##...#
#####......##...#
#..........##...#########
#.###.#.#..#.....†..Z.w[#
#.#.#..##...#######.#
#.#.#.......# #...#
#.#.........# #.#.#


You could see a centaur zombie.

Vanquished Creatures
  3 worms
  3 leopard geckos (D:1)
  6 bats
  3 giant cockroaches
  3 hobgoblins
  5 frilled lizards (D:1)
  3 goblins
  4 kobolds
  2 rats
32 creatures vanquished.

Notes
Turn   | Place    | Note
-------+----------+-------------------------------------------
     0 | D:1      | DearestLeader the Merfolk Ice Elementalist began the quest
                  | for the Orb.
     0 | D:1      | Reached XP level 1. HP: 13/13 MP: 3/3
   439 | D:1      | Reached XP level 2. HP: 19/19 MP: 5/5
  1299 | D:2      | Reached XP level 3. HP: 24/24 MP: 4/6
  1421 | D:2      | Reached skill level 5 in Ice Magic
  1749 | D:2      | Noticed Natasha
  1976 | D:3      | HP: 1/24 [centaur zombie (5)]
  1978 | D:3      | Slain by a centaur zombie

Illustrated notes

Levels and vault maps discovered:
D:1:      dpeg_arrival_round_a, layout_loops_corners, kennysheep_nondescript,
          nrook_mini_vaults
D:2:      layout_rooms, uniq_natasha
D:3:      minmay_bubble_buster, layout_loops_corners, serial_undead,
          serial_undead_e, serial_undead_c, serial_undead_d, serial_undead_d,
          uniq_jessica

Skill      XL: |  1  2  3 |
---------------+----------+-----
Ice Magic      | 5 |  5.0
Short Blades   | |  0.3
Dodging        | |  2.9
Stealth        | |  2.7
Spellcasting   | |  2.5

Action                   || total
-------------------------++-------
Melee: Dagger            ||    65
 Cast: Freeze            ||    42
  Use: Scroll            ||     4
 Stab: Sleeping          ||     9
Armor: Robe              ||    23
Dodge: Dodged            ||    58
